 Dungeon Crawl Stone Soup version 0.21.1-1-g345015f (webtiles) character file.

420 tidbits the Insei (level 6, 3/47 HPs)
             Began as a Gnoll Transmuter on Mar 15, 2018.
             Quit the game on level 5 of the Dungeon.
             The game lasted 00:07:54 (859 turns).

tidbits the Insei (Gnoll Transmuter)                 Turns: 859, Time: 00:07:55

Health: 3/47       AC:  2    Str: 11 (12) XL:     6   Next: 94%
Magic:  12/14      EV: 26    Int: 15 (18) God:
Gold:   209        SH:  0    Dex: 21 (23) Spells: 8/15 levels left

rFire    . . .     SeeInvis .     - Unarmed
rCold    . . .     Gourm    .   (shield currently unavailable)
rNeg     . . .     Faith    .   (armour currently unavailable)
rPois    x         Spirit   .   (helmet currently unavailable)
rElec    .         Reflect  .   (cloak currently unavailable)
rCorr    .         Harm     .   (gloves currently unavailable)
MR       .....                  (boots currently unavailable)
Stlth    ++........             (no amulet)
HPRegen  0.15/turn              V - +2 ring of evasion
MPRegen  0.14/turn              t - +3 ring of dexterity (curse)

@: lethally poisoned (3 -> -25), spider-form, flying, very slightly
contaminated, invisible
A: tiny, distributed training, strong nose
a: End Transformation


You were on level 5 of the Dungeon.
You were very hungry.
You were a venomous arachnid creature.
You visited 1 branch of the dungeon, and saw 5 of its levels.

You collected 209 gold pieces.

Inventory:

Hand Weapons
 b - a +0 dagger
 j - a +0 hunting sling
 l - a +0 scythe
 o - a cursed +0 short sword
 p - a +0 blowgun
 q - a +0 short sword
Missiles
 a - 19 arrows
 e - 24 stones (quivered)
 r - 15 poisoned needles
 w - 18 sling bullets
Armour
 B - a +0 robe (melded)
 E - a +0 helmet (melded)
 G - a cursed +0 pair of gloves (melded)
Jewellery
 t - a cursed +3 ring of dexterity (right front leg)
   (You found it on level 3 of the Dungeon)
 H - an uncursed ring of protection from magic
   (You found it on level 2 of the Dungeon)
 V - a +2 ring of evasion (left front leg)
   (You found it on level 3 of the Dungeon)
Scrolls
 f - 2 scrolls of enchant armour {unknown}
 g - 2 scrolls of blinking {unknown}
 h - 2 scrolls of teleportation {unknown}
 i - 3 scrolls of enchant weapon {unknown}
 k - a scroll of fear {unknown}
 s - a scroll of identify {unknown}
Books
 c - a book of Changes

   Spells                             Type                      Level
   a - Beastly Appendage              Transmutation                1
   b - Sticks to Snakes               Transmutation                2
   c - Spider Form                    Transmutation/Poison         3
   d - Ice Form                       Ice/Transmutation            4
   e - Blade Hands                    Transmutation                5
 v - a book of Cantrips
   (You found it on level 4 of the Dungeon)

   Spells                             Type                      Level
   a - Confusing Touch                Hexes                        1
   b - Animate Skeleton               Necromancy                   1
   c - Summon Small Mammal            Summoning                    1
   d - Apportation                    Translocation                1
Comestibles
 d - 2 rations


   Skills:
 + Level 3.3 Fighting
 + Level 2.1 Short Blades
 + Level 2.1 Long Blades
 + Level 2.1 Axes
 + Level 2.1 Maces & Flails
 + Level 2.1 Polearms
 + Level 2.1 Staves
 + Level 2.1 Slings
 + Level 2.1 Bows
 + Level 2.1 Crossbows
 + Level 2.1 Throwing
 + Level 2.1 Armour
 + Level 5.0 Dodging
 + Level 2.1 Stealth
 + Level 2.1 Shields
 + Level 6.9 Unarmed Combat
 + Level 5.4 Spellcasting
 + Level 1.7 Conjurations
 + Level 1.7 Hexes
 + Level 1.7 Charms
 + Level 1.7 Summonings
 + Level 1.7 Necromancy
 + Level 1.7 Translocations
 + Level 4.2 Transmutations
 + Level 1.7 Fire Magic
 + Level 1.7 Ice Magic
 + Level 1.7 Air Magic
 + Level 1.7 Earth Magic
 + Level 1.7 Poison Magic
 + Level 2.3 Invocations
 + Level 2.1 Evocations


You had 8 spell levels left.
You knew the following spells:

 Your Spells              Type           Power        Failure   Level  Hunger
e - Beastly Appendage     Tmut           ###...       10%         1    None
k - Sticks to Snakes      Tmut           ###.....     13%         2    #......
p - Spider Form           Tmut/Pois      ##........   32%         3    ###....
A - Apportation           Tloc           #.....       21%         1    None


Dungeon Overview and Level Annotations

Branches:
Dungeon (5/15)
 Temple: D:4-7

Altars:


Innate Abilities, Weirdness & Mutations

Your experience applies equally to all skills.
((You have very sharp teeth.))
Your uncanny sense of smell can sniff out nearby items.


Message History

A giant cockroach comes into view.
Casting: Spider Form
Confirm with . or Enter, or press ? or * to list all spells.
You turn into a venomous arachnid creature.
Your +0 helmet melds into your body.
Your cursed +0 pair of gloves melds into your body.
Your +0 robe melds into your body.
You bite the giant cockroach!
You kill the giant cockroach!
Found a stone staircase leading up.
There is a stone staircase leading up here.
You climb upwards.
An iguana comes into view.
Found 12 gold pieces and 47 stones.
There is a stone staircase leading down here.
A hound skeleton comes into view.
You see here 12 gold pieces.
You now have 209 gold pieces (gained 12).
There is a stone staircase leading down here.
The iguana hisses angrily.
You climb downwards.
You hear the hiss of flowing sand.
There is an entrance to an ossuary on this level.
Hurry and find it before the portal is buried!
You hear the slow hiss of a distant avalanche of sand.
There is a stone staircase leading up here.
Your transformation is almost over.
An orc comes into view. It is wielding a dagger.
The orc shouts!
A quokka comes into view.
An orc wizard comes into view. It is wielding a dagger of venom.
The orc misses you.
The orc wizard shouts!
You hit the orc.
The orc is poisoned.
The orc is severely wounded.
The orc closely misses you.
You hit the orc but do no damage.
The orc looks as sick as possible!
The orc is severely wounded.
You kill the orc!
You closely miss the quokka.
The orc wizard mumbles some strange words.
The orc wizard flickers and vanishes!
The quokka completely misses you.
You bite the quokka!
You kill the quokka!
Something barely misses you.
Things that are here:
a dagger; a scale mail You barely miss something.
Your transformation has ended.
Your +0 helmet unmelds from your body.
Your cursed +0 pair of gloves unmelds from your body.
Your +0 robe unmelds from your body.
Something hits you.
You are poisoned.
Casting: Spider Form
Confirm with . or Enter, or press ? or * to list all spells.
You turn into a venomous arachnid creature.
Your +0 helmet melds into your body.
Your cursed +0 pair of gloves melds into your body.
Your +0 robe melds into your body.
You are feeling very hungry.
You feel sick. Something hits you but does no damage.
You are more poisoned.
You hit something but do no damage.
You feel sick. Something hits you.
You are lethally poisoned!
You closely miss something.
You feel very sick. Something hits you.
You bite something!
You feel very sick.
You hit something.
* * * LOW HITPOINT WARNING * * *
You feel very sick.
You hear some strange, mumbled words.
A magic dart appears from out of thin air!
The magic dart hits you!
* * * LOW HITPOINT WARNING * * *
You hit something.
You feel a bit more experienced.
* * * LOW HITPOINT WARNING * * *
You feel very sick.
It was a potion of degeneration.
There was something very wrong with that liquid.
You feel weakened.
You feel dopey.
You feel clumsy.
* * * LOW HITPOINT WARNING * * *
You feel very sick.
It was a potion of invisibility.
You fade into invisibility!
* * * LOW HITPOINT WARNING * * *
You feel very sick.
You are very lightly contaminated with residual magic.
It was a potion of flight.
You feel very buoyant.
You fly up into the air.
* * * LOW HITPOINT WARNING * * *
You feel sick.
* * * LOW HITPOINT WARNING * * *
You feel very sick.
Things that are here:
a dagger of venom; a robe; an orc corpse Are you sure you want to abandon this character and quit the game? (Confirm with "yes".)

....# ...##
#. ..## #. #
### .. .#
..#
#.######.#
...
####........
...
..........#
.$.
.........#
... #s# ...
#. #)# ..#
#.# #.# ###
#.# #.# .. #
#.# #.# ..
#.##.## #.#
..
#.#[.(####.#
.)
#....†.....#
.
#.#...###..#


There were no monsters in sight!

Vanquished Creatures
  A centaur (D:5)
  A bullfrog (D:5)
  An orc wizard (D:5)
  A worker ant (D:4)
  4 adders
  2 shadow imps
  2 worms
  3 leopard geckos
  4 orcs
  2 bats (D:2)
  A giant cockroach (D:5)
  A goblin (D:2)
  6 hobgoblins
  3 jackals (D:5)
  3 kobolds
  2 quokkas
  A frilled lizard (D:2)
  2 rats (D:2)
40 creatures vanquished.

Vanquished Creatures (collateral kills)
  Sigmund (D:3)
  An adder (D:2)
  A bat (D:2)
  A frilled lizard (D:2)
  A leopard gecko skeleton (D:5)
5 creatures vanquished.

Grand Total: 45 creatures vanquished

Notes
Turn   | Place    | Note
-------+----------+-------------------------------------------
     0 | D:1      | tidbits the Gnoll Transmuter began the quest for the Orb.
     0 | D:1      | Reached XP level 1. HP: 17/17 MP: 6/6
    49 | D:2      | Reached XP level 2. HP: 23/23 MP: 5/7
    54 | D:2      | Learned a level 2 spell: Sticks to Snakes
   107 | D:2      | Reached XP level 3. HP: 28/28 MP: 3/9
   119 | D:2      | Reached skill level 5 in Spellcasting
   126 | D:1      | Learned a level 3 spell: Spider Form
   238 | D:3      | Noticed Sigmund
   248 | D:3      | Killed Sigmund
   248 | D:3      | Reached skill level 1 in Short Blades
   248 | D:3      | Reached skill level 1 in Long Blades
   248 | D:3      | Reached skill level 1 in Axes
   248 | D:3      | Reached skill level 1 in Maces & Flails
   248 | D:3      | Reached skill level 1 in Polearms
   248 | D:3      | Reached skill level 1 in Staves
   248 | D:3      | Reached skill level 1 in Slings
   248 | D:3      | Reached skill level 1 in Bows
   248 | D:3      | Reached skill level 1 in Crossbows
   248 | D:3      | Reached skill level 1 in Throwing
   248 | D:3      | Reached skill level 1 in Armour
   248 | D:3      | Reached skill level 1 in Stealth
   248 | D:3      | Reached skill level 1 in Shields
   248 | D:3      | Reached skill level 1 in Conjurations
   248 | D:3      | Reached skill level 1 in Hexes
   248 | D:3      | Reached skill level 1 in Charms
   248 | D:3      | Reached skill level 1 in Summonings
   248 | D:3      | Reached skill level 1 in Necromancy
   248 | D:3      | Reached skill level 1 in Translocations
   248 | D:3      | Reached skill level 1 in Fire Magic
   248 | D:3      | Reached skill level 1 in Ice Magic
   248 | D:3      | Reached skill level 1 in Air Magic
   248 | D:3      | Reached skill level 1 in Earth Magic
   248 | D:3      | Reached skill level 1 in Poison Magic
   248 | D:3      | Reached skill level 1 in Invocations
   248 | D:3      | Reached skill level 1 in Evocations
   248 | D:3      | Reached XP level 4. HP: 23/34 MP: 3/11
   248 | D:3      | Reached XP level 5. HP: 27/40 MP: 3/12
   262 | D:3      | Reached skill level 3 in Fighting
   354 | D:3      | Reached skill level 4 in Transmutations
   640 | D:4      | Learned a level 1 spell: Apportation
   673 | D:5      | Entered Level 5 of the Dungeon
   712 | D:5      | Reached XP level 6. HP: 34/47 MP: 7/13
   739 | D:5      | Reached skill level 5 in Dodging
   739 | D:5      | Reached skill level 2 in Invocations
   743 | D:5      | Reached skill level 2 in Short Blades
   743 | D:5      | Reached skill level 2 in Long Blades
   743 | D:5      | Reached skill level 2 in Axes
   743 | D:5      | Reached skill level 2 in Maces & Flails
   743 | D:5      | Reached skill level 2 in Polearms
   743 | D:5      | Reached skill level 2 in Staves
   743 | D:5      | Reached skill level 2 in Slings
   743 | D:5      | Reached skill level 2 in Bows
   743 | D:5      | Reached skill level 2 in Crossbows
   743 | D:5      | Reached skill level 2 in Throwing
   743 | D:5      | Reached skill level 2 in Armour
   743 | D:5      | Reached skill level 2 in Stealth
   743 | D:5      | Reached skill level 2 in Shields
   743 | D:5      | Reached skill level 2 in Evocations
   858 | D:5      | HP: 3/47 [poisoned by an orc wizard]
   859 | D:5      | Quit the game

Skill      XL: |  1  2  3  4  5  6 |
---------------+-------------------+-----
Spellcasting   | 5 |  5.4
Short Blades   | 1 2 |  2.1
Long Blades    | 1 2 |  2.1
Axes           | 1 2 |  2.1
Maces & Flails | 1 2 |  2.1
Polearms       | 1 2 |  2.1
Staves         | 1 2 |  2.1
Slings         | 1 2 |  2.1
Bows           | 1 2 |  2.1
Crossbows      | 1 2 |  2.1
Throwing       | 1 2 |  2.1
Armour         | 1 2 |  2.1
Stealth        | 1 2 |  2.1
Shields        | 1 2 |  2.1
Conjurations   | 1 |  1.7
Hexes          | 1 |  1.7
Charms         | 1 |  1.7
Summonings     | 1 |  1.7
Necromancy     | 1 |  1.7
Translocations | 1 |  1.7
Fire Magic     | 1 |  1.7
Ice Magic      | 1 |  1.7
Air Magic      | 1 |  1.7
Earth Magic    | 1 |  1.7
Poison Magic   | 1 |  1.7
Invocations    | 1 2 |  2.3
Evocations     | 1 2 |  2.1
Fighting       | 3 |  3.3
Transmutations | 4 |  4.2
Dodging        | 5 |  5.0
Unarmed Combat | |  6.9

Action                   |  1- 3 |  4- 6 || total
-------------------------+-------+-------++-------
Melee: Unarmed           |    38 |    63 ||   101
       Kick              |     1 |       ||     1
 Cast: Beastly Appendage |     5 |       ||     5
       Sticks to Snakes  |     2 |     5 ||     7
       Spider Form       |     4 |    13 ||    17
  Use: Potion            |       |     3 ||     3
 Stab: Distracted        |     1 |       ||     1
Armor: Robe              |     6 |       ||     6
       Skin              |     1 |     5 ||     6
Dodge: Dodged            |    32 |    53 ||    85

Table legend:
 A = Turns spent in this place as a percentage of turns spent in the entire game.
 B = Non-inter-level travel turns spent in this place as a percentage of non-inter-level travel turns spent in the entire game.
 C = Inter-level travel turns spent in this place as a percentage of turns spent in this place.
 D = Turns resting spent in this place as a percentage of non-inter-level travel turns spent in this place.
 E = Turns spent auto-exploring this place as a percentage of non-inter-level travel turns spent in this place.
 F = Non-inter-level travel turns spent in this place divided by the number of levels of this place that you've seen.
                   A       B       C       D       E      F
               +-------+-------+-------+-------+-------+----------------------
         Total | 100.0 | 100.0 |   2.2 |   0.0 |   0.0 | 168.0
       Dungeon | 100.0 | 100.0 |   2.2 |   0.0 |   0.0 | 168.0
               +-------+-------+-------+-------+-------+----------------------

Table legend:
 A = Kills in this place as a percentage of kills in entire the game.
 B = Kills by you in this place as a percentage of kills by you in the entire game.
 C = Kills by friends in this place as a percentage of kills by friends in the entire game.
 D = Other kills in this place as a percentage of other kills in the entire game.
 E = Experience gained in this place as a percentage of experience gained in the entire game.
 F = Experience gained in this place divided by the number of levels of this place that you have seen.
                   A       B       C       D       E      F
               +-------+-------+-------+-------+-------+----------------------
         Total | 100.0 | 100.0 | 100.0 |   N/A | 100.0 | 120.0
       Dungeon | 100.0 | 100.0 | 100.0 |   N/A | 100.0 | 120.0
               +-------+-------+-------+-------+-------+----------------------

Vault maps used:
D:1:      dpeg_arrival_stonehenge_8_columns, minmay_cupped
D:2:      hangedman_decor_peaks_small, minmay_pentomino_o4
D:3:      uniq_sigmund
D:4:      temple_statues, first_ration
D:5:      kennysheep_six_static_rooms, enter_ossuary_4
